 Dungeon Crawl Stone Soup version 0.22-a0-348-gd16d139 (webtiles) character file.

96 xccam the Protected (level 4, -5/34 HPs)
             Began as a Gnoll Wanderer on Apr 7, 2018.
             Killed by divine providence
             ... invoked by an orc priest
              (16 damage)
             ... on level 3 of the Dungeon.
             The game lasted 00:06:47 (2960 turns).

xccam the Protected (Gnoll Wanderer)                Turns: 2960, Time: 00:06:47

Health: -5/34      AC:  8    Str: 16    XL:     4   Next: 67%
Magic:  5/5        EV: 12    Int: 15    God:
Gold:   124        SH:  0    Dex: 13    Spells: 5/5 levels left

rFire    . . .     SeeInvis .   q - +0 falchion
rCold    . . .     Gourm    .   (no shield)
rNeg     . . .     Faith    .   c - +0 ring mail
rPois    .         Spirit   .   (no helmet)
rElec    .         Reflect  .   (no cloak)
rCorr    .         Harm     .   p - +0 pair of gloves
MR       .....                  (no boots)
Stlth    +.........             (no amulet)
HPRegen  0.11/turn              (no ring)
MPRegen  0.09/turn              (no ring)

@: no status effects
A: distributed training, fangs 1, strong nose
a: no special abilities


You were on level 3 of the Dungeon.
You were hungry.

You visited 1 branch of the dungeon, and saw 3 of its levels.

You collected 124 gold pieces.

Inventory:

Hand Weapons
 a - a +2 dagger
 q - a +0 falchion (weapon)
Armour
 c - a +0 ring mail (worn)
 p - a +0 pair of gloves (worn)
Scrolls
 b - a scroll of blinking
 e - a scroll of magic mapping {unknown}
 g - 4 scrolls of identify {unknown}
 j - 2 scrolls of remove curse {unknown}
 k - a scroll of enchant armour {unknown}
 n - a scroll of amnesia {unknown}
 o - 2 scrolls of enchant weapon {unknown}
 s - a scroll of noise {unknown}
Potions
 d - a potion of lignification
 h - a potion of might {unknown}
 i - a potion of invisibility {unknown}
 l - a potion of flight {unknown}
 m - 3 potions of curing
 r - a potion of brilliance {unknown}
Comestibles
 f - 5 rations


   Skills:
 + Level 2.8 Fighting
 + Level 1.2 Short Blades
 + Level 2.8 Long Blades
 + Level 1.2 Axes
 + Level 1.2 Maces & Flails
 + Level 1.2 Polearms
 + Level 1.2 Staves
 + Level 1.2 Slings
 + Level 2.8 Bows
 + Level 1.2 Crossbows
 + Level 1.2 Throwing
 + Level 8.6 Armour
 + Level 2.8 Dodging
 + Level 2.6 Stealth
 + Level 2.8 Shields
 + Level 1.2 Unarmed Combat
 + Level 1.2 Spellcasting
 + Level 1.0 Conjurations
 + Level 1.0 Hexes
 + Level 1.0 Charms
 + Level 1.0 Summonings
 + Level 1.0 Necromancy
 + Level 1.0 Translocations
 + Level 1.0 Transmutations
 + Level 1.0 Fire Magic
 + Level 1.0 Ice Magic
 + Level 1.0 Air Magic
 + Level 1.0 Earth Magic
 + Level 1.0 Poison Magic
 + Level 1.3 Invocations
 + Level 1.2 Evocations


You had 5 spell levels left.
You didn't know any spells.

Dungeon Overview and Level Annotations

Branches:
Dungeon (3/15)

Altars:


Innate Abilities, Weirdness & Mutations

Your experience applies equally to all skills.
You have very sharp teeth.
Your uncanny sense of smell can sniff out nearby items.


Message History

You are feeling hungry.
You start resting.
You feel sick. x3
You are no longer poisoned.
An orc priest comes into view.
The orc priest shouts!
You hear a shout!
Found a stone staircase leading down.
An orc comes into view. It is wielding a war axe.
You barely miss the orc priest.
The orc priest invokes the aid of Beogh against you.
Beogh smites you!
You hear a shout!
You are too injured to fight recklessly!
You are too injured to fight recklessly!
You are too injured to fight recklessly!
You hit the orc priest. Your bite misses the orc priest.
The orc priest is lightly wounded.
The orc priest invokes the aid of Beogh against you.
Beogh smites you!
You die...

โˆ† .# .# .# โˆ† .#
โˆ† ># o#
#################o#.#
......รท.........@...#
............#####.###
###########..# .#
#......###.# .#
##......###.# .#
##.......'...# .#
..)..[...###.# .#
#........# #..# .#
.........# #..#


You could see an orc priest and an orc.

Vanquished Creatures
  4 adders
  4 worms (D:2)
  3 dart slugs
  2 giant cockroaches
  5 goblins
  12 hobgoblins
  3 bats
  4 frilled lizards
  A kobold (D:2)
  3 rats (D:2)
41 creatures vanquished.

Notes
Turn   | Place    | Note
-------+----------+-------------------------------------------
     0 | D:1      | xccam the Gnoll Wanderer began the quest for the Orb.
     0 | D:1      | xccam set off with: a +2 dagger, a scroll of blinking, a +0 ring mail, a potion of lignification, a ration
     0 | D:1      | Reached XP level 1. HP: 17/17 MP: 1/1
   267 | D:1      | Reached XP level 2. HP: 23/23 MP: 2/2
   813 | D:2      | HP: 1/23 [poisoned by an adder]
   832 | D:2      | HP: 1/23 [goblin/stone (1)]
  1209 | D:2      | Reached XP level 3. HP: 18/28 MP: 3/3
  1590 | D:2      | Reached skill level 1 in Invocations
  2331 | D:2      | Reached skill level 1 in Short Blades
  2331 | D:2      | Reached skill level 1 in Axes
  2331 | D:2      | Reached skill level 1 in Maces & Flails
  2331 | D:2      | Reached skill level 1 in Polearms
  2331 | D:2      | Reached skill level 1 in Staves
  2331 | D:2      | Reached skill level 1 in Slings
  2331 | D:2      | Reached skill level 1 in Crossbows
  2331 | D:2      | Reached skill level 1 in Throwing
  2331 | D:2      | Reached skill level 1 in Unarmed Combat
  2331 | D:2      | Reached skill level 1 in Spellcasting
  2331 | D:2      | Reached skill level 1 in Evocations
  2366 | D:2      | Reached XP level 4. HP: 29/34 MP: 5/5
  2934 | D:3      | Reached skill level 1 in Conjurations
  2934 | D:3      | Reached skill level 1 in Hexes
  2934 | D:3      | Reached skill level 1 in Charms
  2934 | D:3      | Reached skill level 1 in Summonings
  2934 | D:3      | Reached skill level 1 in Necromancy
  2934 | D:3      | Reached skill level 1 in Translocations
  2934 | D:3      | Reached skill level 1 in Transmutations
  2934 | D:3      | Reached skill level 1 in Fire Magic
  2934 | D:3      | Reached skill level 1 in Ice Magic
  2934 | D:3      | Reached skill level 1 in Air Magic
  2934 | D:3      | Reached skill level 1 in Earth Magic
  2934 | D:3      | Reached skill level 1 in Poison Magic
  2960 | D:3      | Killed from afar by an orc priest

Vault maps used:
D:1:      onia_arrival_mini_spirals, minivault_4
D:2:      first_ration, minmay_vboxes
D:3:      grunt_ministairs_4

Skill      XL: |  1  2  3  4 |
---------------+-------------+-----
Invocations    | 1 |  1.3
Short Blades   | 1 |  1.2
Axes           | 1 |  1.2
Maces & Flails | 1 |  1.2
Polearms       | 1 |  1.2
Staves         | 1 |  1.2
Slings         | 1 |  1.2
Crossbows      | 1 |  1.2
Throwing       | 1 |  1.2
Unarmed Combat | 1 |  1.2
Spellcasting   | 1 |  1.2
Evocations     | 1 |  1.2
Conjurations   | 1 |  1.0
Hexes          | 1 |  1.0
Charms         | 1 |  1.0
Summonings     | 1 |  1.0
Necromancy     | 1 |  1.0
Translocations | 1 |  1.0
Transmutations | 1 |  1.0
Fire Magic     | 1 |  1.0
Ice Magic      | 1 |  1.0
Air Magic      | 1 |  1.0
Earth Magic    | 1 |  1.0
Poison Magic   | 1 |  1.0
Fighting       | |  2.8
Long Blades    | |  2.8
Bows           | |  2.8
Armour         | |  8.6
Dodging        | |  2.8
Stealth        | |  2.6
Shields        | |  2.8

Action                   |  1- 3 |  4- 6 || total
-------------------------+-------+-------++-------
Melee: Dagger            |   147 |    56 ||   203
       Bite              |    19 |     9 ||    28
       Falchion          |       |    19 ||    19
       Punch             |       |     1 ||     1
  Use: Potion            |     2 |       ||     2
 Stab: Sleeping          |     1 |     1 ||     2
  Eat: Chunk             |     4 |     2 ||     6
Armor: Ring mail         |    53 |    23 ||    76
Dodge: Dodged            |   107 |    34 ||   141
       Rpst.: Falchion   |       |     4 ||     4

Table legend:
 A = Spawn XP
 B = Non-spawn XP
 C = Spawn XP percentage of total XP
 D = Spawn monster count
 E = Non-spawn monster count
 F = Spawn count percentage of total count
 G = Total turns spent on level
                    A         B        C        D         E        F      G
               +---------+---------+-------+---------+---------+-------+---------
         Total |       0 |     138 |   0.0 |       0 |      41 |   0.0 |  2960
               +---------+---------+-------+---------+---------+-------+---------
           D:1 |       0 |      19 |   0.0 |       0 |      10 |   0.0 |  1124
           D:2 |       0 |      98 |   0.0 |       0 |      26 |   0.0 |  1687
           D:3 |       0 |      21 |   0.0 |       0 |       5 |   0.0 |   149
               +---------+---------+-------+---------+---------+-------+---------
